 Dungeon Crawl Stone Soup version 0.30-a0-772-g5528072125 (webtiles) character file.

Game seed: 10035221019736896379

42 PLAYERX the Shield-Bearer (level 3, -5/28 HPs)
             Began as a Gnoll Wanderer on Feb 12, 2023.
             Slain by a worm (7 damage)
             ... on level 1 of the Dungeon.
             The game lasted 00:08:09 (1411 turns).

PLAYERX the Shield-Bearer (Gnoll Wanderer)          Turns: 1411, Time: 00:08:10

Health: -5/28      AC:  7    Str: 13    XL:     3   Next: 56%
Magic:  7/7        EV:  9    Int: 11    God:
Gold:   39         SH:  7    Dex: 11    Spells: 6/7 levels left

rFire   . . .      SeeInvis .    a - +0 short sword
rCold   . . .      Faith    .    d - +2 buckler
rNeg    . . .      Spirit   .    b - +0 scale mail
rPois   .          Reflect  .    (no helmet)
rElec   .          Harm     .    (no cloak)
rCorr   .          Rampage  .    (no gloves)
Will    .....                    (no boots)
Stlth   +                        (no amulet)
HPRegen 0.24/turn                j - ring of flight
MPRegen 0.10/turn                (no ring)

@: flying
A: fangs 1, strong nose, distributed training
a: no special abilities


You were on level 1 of the Dungeon.
You visited 1 branch of the dungeon, and saw 2 of its levels.

You collected 39 gold pieces.

Inventory:

Hand Weapons
 a - a +0 short sword (weapon)
Armour
 b - a +0 scale mail (worn)
 d - a +2 buckler (worn)
Jewellery
 j - a ring of flight (left hand)
Scrolls
 l - a scroll of identify {unknown}
 m - a scroll of teleportation {unknown}
Potions
 e - a potion of flight {unknown}
 f - a potion of degeneration {unknown}
 g - a potion of brilliance {unknown}
 h - a potion of resistance {unknown}
 i - a potion of heal wounds {unknown}
 k - a potion of lignification {unknown}
 n - a potion of curing {unknown}


   Skills:
 + Level 2.6 Fighting
 + Level 0.9 Short Blades
 + Level 0.9 Long Blades
 + Level 0.9 Axes
 + Level 0.9 Maces & Flails
 + Level 0.9 Polearms
 + Level 0.9 Staves
 + Level 0.9 Ranged Weapons
 + Level 0.9 Throwing
 + Level 6.5 Armour
 + Level 0.9 Dodging
 + Level 2.4 Stealth
 + Level 6.5 Shields
 + Level 0.9 Unarmed Combat
 + Level 2.8 Spellcasting
 + Level 0.6 Conjurations
 + Level 0.6 Hexes
 + Level 0.6 Summonings
 + Level 0.6 Necromancy
 + Level 0.6 Translocations
 + Level 0.6 Transmutations
 + Level 2.1 Fire Magic
 + Level 0.6 Ice Magic
 + Level 0.6 Air Magic
 + Level 0.6 Earth Magic
 + Level 0.6 Poison Magic
 + Level 1.0 Invocations
 + Level 0.9 Evocations


You had 6 spell levels left.
You knew the following spells:

 Your Spells              Type           Power      Damage    Failure   Level
a - Foxfire               Conj/Fire      16%        2x1d4     58%         1

Your spell library contained the following spells:

 Spells                   Type           Power      Damage    Failure   Level
 Beastly Appendage        Tmut           6%         N/A       71%         1
 Wereblood                Tmut           3%         N/A       83%         2
 Ignite Poison            Fire/Tmut/Pois 4%         N/A       94%         3
 Spider Form              Tmut/Pois      3%         N/A       97%         3


Dungeon Overview and Level Annotations

Branches:
Dungeon (2/15)

Altars:
Sif Muna

Annotations:
D:2 Robin


Innate Abilities, Weirdness & Mutations

You have very sharp teeth.
Your uncanny sense of smell can sniff out nearby items.
Your experience applies equally to all skills.


Message History

The goblin hits you with a +0 club.
You hit the goblin.
The goblin is heavily wounded.
You block the goblin's attack. The hobgoblin barely misses you.
The goblin hits you but does no damage. You block the goblin's attack.
The goblin barely misses you.
Blink to where?
Press: ? - help, Dir - move target
Found 14 gold pieces, a scroll labelled FIENNIOLAPRI and an iron wand.
Found a stone staircase leading up.
As you read the scroll of blinking, it crumbles to dust.
A worm comes into view.
You see here 14 gold pieces.
Robin throws the goblin at you! The goblin hits you with a +0 dagger.
* * * LOW HITPOINT WARNING * * *
A goblin comes into view. It is wielding a +0 dagger.
You block the goblin's attack.
The goblin moves out of view.
The goblin hits you with a +0 dagger.
* * * LOW HITPOINT WARNING * * *
Robin throws the goblin at you!
The frilled lizard hisses.
You block the goblin's attack.
There is a stone staircase leading up here.
The goblin no longer looks unusually strong.
The goblin barely misses you. The goblin hits you but does no damage.
You fly upwards.
There is a stone staircase leading down here.
You closely miss the goblin. The goblin hits you with a +0 club.
* * * LOW HITPOINT WARNING * * *
You block the goblin's attack. You block the worm's attack.
You hit the goblin.
You kill the goblin!
The goblin no longer looks unusually strong.
The goblin closely misses you.
Things that are here:
a +0 club; a +0 sling; a goblin corpse You hit the worm but do no damage.
You barely miss the worm. You block the worm's attack.
You barely miss the worm. The worm bites you!
You die...

#r# #.# ### #[# #####.### ..# #>#
##.......# #.# #.# ##...##.#.#
#.# ######.###.....#.#.# #.#
##................#.####### #.#
##..8.8..###.....##.#.......
#.####...._..#####..(####.#######
#......).8.8....@wg.......# #
########......#####.#####.# #
###.##.# #.# #.# # #.##.#####.#
#.# # ###....).....# ##.## #
#...........[####...######
#.##..รท...........#......#
######.##.#.###.#.#.##...##.#.#
#.......).#.............###....


You could see a worm and a goblin.

Vanquished Creatures
  3 ball pythons
  7 endoplasms (D:1)
  2 giant cockroaches
  9 goblins
  A hobgoblin (D:1)
  A quokka (D:1)
  3 frilled lizards
  6 kobolds
  7 rats
39 creatures vanquished.

Notes
Turn   | Place    | Note
-------+----------+-------------------------------------------
     0 | D:1      | PLAYERX the Gnoll Wanderer began the quest for the Orb.
     0 | D:1      | PLAYERX set off with the following items: a +0 club, a +0
                  | scale mail, a scroll of blinking, a +2 buckler; and the
                  | following spell memorised: Foxfire; and the following
                  | spells available to memorise: Ignite Poison.
     0 | D:1      | Reached XP level 1. HP: 17/17 MP: 4/4
   224 | D:1      | Reached XP level 2. HP: 14/23 MP: 5/5
   444 | D:1      | Found a faded altar of an unknown god.
   600 | D:1      | Reached XP level 3. HP: 28/28 MP: 7/7
  1183 | D:2      | Reached skill level 1 in Invocations
  1258 | D:2      | Identified the +0 robe "Veurias" {Drain rPois Stlth+}
  1345 | D:2      | Found a shimmering blue altar of Sif Muna.
  1389 | D:2      | Noticed Robin
  1406 | D:1      | HP: 1/28 [goblin/+0 club[Robin] (5)]
  1411 | D:1      | Slain by a worm

Illustrated notes

Levels and vault maps discovered:
D:1:      dpeg_arrival_rhombi, layout_loops_ring,
          chequers_ecumenical_altar_simple, minmay_tromino_v4_a
D:2:      layout_loops_ring, basic_altar, uniq_robin

Skill      XL: |  1  2  3 |
---------------+----------+-----
Fire Magic     | 2 |  2.1
Invocations    | 1 |  1.0
Fighting       | |  2.6
Short Blades   | |  0.9
Long Blades    | |  0.9
Axes           | |  0.9
Maces & Flails | |  0.9
Polearms       | |  0.9
Staves         | |  0.9
Ranged Weapons | |  0.9
Throwing       | |  0.9
Armour         | |  6.5
Dodging        | |  0.9
Stealth        | |  2.4
Shields        | |  6.5
Unarmed Combat | |  0.9
Spellcasting   | |  2.8
Conjurations   | |  0.6
Hexes          | |  0.6
Summonings     | |  0.6
Necromancy     | |  0.6
Translocations | |  0.6
Transmutations | |  0.6
Ice Magic      | |  0.6
Air Magic      | |  0.6
Earth Magic    | |  0.6
Poison Magic   | |  0.6
Evocations     | |  0.9

Action                     || total
---------------------------++-------
  Melee: Club              ||    42
         Bite              ||    11
         Short sword       ||   100
    Use: Scroll            ||     1
 Armour: Scale mail        ||    53
  Dodge: Dodged            ||    45
  Block: Buckler           ||    60

Table legend: (Time is in decaauts)
 A = Elapsed time spent in this place.
 B = Non-inter-level travel time spent in this place.
 C = Inter-level travel time spent in this place.
 D = Time resting spent in this place.
 E = Time spent auto-exploring this place.
 F = Levels seen in this place.
 G = Mean time per level.
                   A        B        C        D        E       F      G
               +--------+--------+--------+--------+--------+-----+--------+
         Total |   1424 |   1424 |      0 |    168 |    654 |   2 |  712.0 |
       Dungeon |   1424 |   1424 |      0 |    168 |    654 |   2 |  712.0 |
               +--------+--------+--------+--------+--------+-----+--------+

Top non-repeatable levels by time:
     D:1: 1168 daAuts
     D:2: 256 daAuts
